Cogmind - Beta 17.1 @@@ ROGUE MODE // 2026.09.20 @ 23:00:31 Player: mischief_2000 Result: Destroyed by H-71 Marshal with Heavy Mass Driver Performance ------------- Evolutions (6) 3000 Regions Visited (20) 4000 Robots Destroyed (434) 2170 Value Destroyed (14709) 14709 Prototype IDs (37) 740 Alien Tech Used (0) 0 Bonus (6387) 6387 TOTAL SCORE: 31006 Bonus ------- Triggered High Security 500 High Alert Combat Kills 4526 Follower Combat Kills 1657 Entered DSFs 500 Network Hubs Disabled 200 Met Data Miner 300 MAIN.C Attacked Proxy Base 500 Built Enhanced Grunts 300 Met R17 at Cetus 500 Friendly Fire -2596 Cogmind --------- Core Integrity 0/1150 Matter 263/300 Energy 31/100 System Corruption 34% Temperature Cool (12) Movement Hovering (36) Location -4/DSF Parts ------- > --- POWER (2) -------- (None) > --- PROPULSION (4) --- Improved Linear Gravjet Improved Linear Gravjet > --- UTILITY (9) ------ Experimental Melee Analysis Suite Core Analyzer > --- WEAPON (4) ------- Power Maul > --- INVENTORY (5) ---- Experimental Matter Compressor (5) Experimental Signal Interpreter Nanoactuators Nanoactuators Long-range Tractor Beam Peak State ------------ > --- POWER ------------ Light Antimatter Reactor Quantum Reactor > --- PROPULSION ------- Flexi-carbon Leg Thunder Leg Enhanced Flexi-carbon Leg Myomer Leg > --- UTILITY ---------- Large Storage Unit Experimental Targeting Computer Experimental Melee Analysis Suite Core Analyzer Improved Weapon Cycler Centrium Medium Armor Plating Experimental Thermal Shield Improved Hacking Suite Improved Hacking Suite > --- WEAPON ----------- KE Penetrator KE Penetrator KE Penetrator Light Antimatter Cannon > --- INVENTORY -------- Flexi-carbon Leg Myomer Leg Experimental Matter Compressor Experimental Signal Interpreter IFF Parser Nanoactuators Nanoactuators Centrium Medium Armor Plating Centrium Medium Armor Plating Graphene Brace Improved Hacking Suite Long-range Tractor Beam Tesla Rifle Micro-nuke Launcher [Rating: 129] Favorites ----------- Power Reinforced Ion Engine Engine Reinforced Ion Engine Power Core Light Fission Core Reactor Particle Reactor Propulsion Light Treads Treads Light Treads Leg Titanium Leg Wheel Compact Wheel Hover Unit Improved Linear Gravjet Flight Unit Field Propulsion Drive Utility High-capacity Storage Unit Device Seismic Detector Storage High-capacity Storage Unit Processor Experimental Targeting Computer Hackware Hacking Suite Protection Reactive Plating Weapon Heavy Assault Rifle Energy Gun Cooled Phase Gun Energy Cannon Heavy Neutron Cannon Ballistic Gun Heavy Assault Rifle Ballistic Cannon Magnetic Acceleration Cannon Launcher Heavy Proton Missile Launcher Special Weapon Mining Laser Impact Weapon Power Maul Slashing Weapon Carbide Saw Piercing Weapon Spear Build | -11 -10 -9 -9 -8 -7 -7 -7 -7 -6 -6 -6 -5 -5 -5 -5 -5 -4 -4 -4 -4 ------- Run | Yrd Mat Mat Min Mat Fac Low Low Dat Pro Fac Low Fac Ext Cet Arc Hub Fac Was Fac DSF Slots Evolved 12 | . . 2 . 2 2 . . . . 2 . 2 . . . . 2 . . . Power 1 | . . . . . . . . . . . . 1 . . . . . . . . Propulsion 2 | . . . . 1 1 . . . . . . . . . . . . . . . Utility 7 | . . . . 1 1 . . . . 2 . 1 . . . . 2 . . . Weapon 2 | . . 2 . . . . . . . . . . . . . . . . . . Parts Attached 253 | 9 11 8 2 22 13 2 4 . 44 51 3 10 9 8 10 4 31 3 . 9 Power 31 | 2 2 1 . 1 1 . 2 . 4 5 . 2 2 2 3 1 2 . . 1 Engine 16 | 2 2 1 . . 1 . 2 . 2 3 . 1 2 . . . . . . . Core 7 | . . . . 1 . . . . . 1 . 1 . 1 . 1 1 . . 1 Reactor 8 | . . . . . . . . . 2 1 . . . 1 3 . 1 . . . Propulsion 61 | 2 3 . 1 7 4 . . . 11 12 1 1 1 4 . . 10 1 . 3 Treads 12 | . 3 . 1 7 . . . . . . . . . . . . . 1 . . Leg 39 | 2 . . . . 4 . . . 11 8 1 1 1 4 . . 7 . . . Wheel 4 | . . . . . . . . . . 4 . . . . . . . . . . Hover 2 | . . . . . . . . . . . . . . . . . . . . 2 Flight 4 | . . . . . . . . . . . . . . . . . 3 . . 1 Utility 74 | 2 1 3 1 6 2 2 . . 10 17 1 4 5 2 4 1 10 2 . 1 Device 28 | 1 . . . 3 . 2 . . 6 2 . 3 3 . 4 . 2 1 . 1 Storage 10 | 1 1 2 . 1 . . . . . 1 1 1 1 . . . 1 . . . Processor 8 | . . . . 1 . . . . 1 4 . . . 1 . . 1 . . . Hackware 12 | . . 1 . . 2 . . . 2 2 . . 1 . . 1 2 1 . . Protection 16 | . . . 1 1 . . . . 1 8 . . . 1 . . 4 . . . Artifact . | . . . . . . . . . . . . . . . . . . . . . Weapon 87 | 3 5 4 . 8 6 . 2 . 19 17 1 3 1 . 3 2 9 . . 4 Energy Gun 24 | 2 1 1 . 2 1 . 1 . 5 7 . . . . . . 2 . . 2 Energy Cannon 5 | . . . . . . . . . . 3 1 . . . . . 1 . . . Ballistic Gun 36 | 1 2 3 . 6 4 . 1 . 6 1 . 3 1 . 3 1 4 . . . Ballistic Cannon 7 | . . . . . . . . . 5 1 . . . . . . 1 . . . Launcher 8 | . 1 . . . 1 . . . . 4 . . . . . 1 1 . . . Special Weapon 1 | . 1 . . . . . . . . . . . . . . . . . . . Impact Weapon 2 | . . . . . . . . . . 1 . . . . . . . . . 1 Slashing Weapon 1 | . . . . . . . . . . . . . . . . . . . . 1 Piercing Weapon 3 | . . . . . . . . . 3 . . . . . . . . . . . Special Melee Weapon . | . . . . . . . . . . . . . . . . . . . . . Unidentified Prototypes 19 | . . . . 1 1 . . . . 10 . 1 . 2 2 . 2 . . . Corrupted Parts 11 | . . . . . . . . . 4 1 . . . . 2 . 1 2 . 1 System Corruption 62 | . . . . . . . . . 26 2 . . . . 18 . 1 12 . 3 Parts Lost 79 | . 2 . 1 2 1 . 1 . 7 23 2 . . . . . 32 1 . 7 Power 9 | . . . . . . . . . . 3 . . . . . . 5 . . 1 Propulsion 27 | . 1 . . 1 . . . . 3 8 1 . . . . . 11 . . 2 Utility 18 | . . . 1 . . . . . 2 4 . . . . . . 6 1 . 4 Weapon 25 | . 1 . . 1 1 . 1 . 2 8 1 . . . . . 10 . . . Highest Loss Streak 14 | . 2 . 1 1 1 . 1 . 4 14 2 . . . . . 14 1 . 4 To Critical Strikes 2 | . . . . . . . . . 1 1 . . . . . . . . . . Average Backups 17 | 5 9 16 20 23 20 19 19 20 19 18 19 17 14 13 13 14 13 5 5 5 Power . | . 1 1 . . . 1 1 2 1 1 1 . 1 1 1 1 . . . . Propulsion 2 | 3 . 2 6 5 2 2 2 2 3 2 2 1 1 3 2 2 1 . . . Utility 10 | . 3 9 10 13 13 10 11 11 10 11 11 11 9 7 9 11 10 5 5 5 Weapon 3 | 1 3 3 3 3 4 5 5 5 3 3 4 3 2 1 1 . 2 . . . Tool/Special . | . . . . . . . . . . . . . . . . . . . . . Unused Backups 75 | 1 7 7 . 4 7 2 2 . 6 10 1 9 4 4 4 . 4 . . 3 Power 7 | . . 1 . 1 . . 1 . 1 2 . . 1 . . . . . . . Propulsion 14 | 1 3 1 . . . . . . . . 1 2 2 2 2 . . . . . Utility 36 | . 2 2 . 2 4 1 1 . 2 7 . 7 . 1 2 . 2 . . 3 Weapon 17 | . 2 2 . 1 3 1 . . 3 1 . . 1 1 . . 2 . . . Tool/Special 1 | . . 1 . . . . . . . . . . . . . . . . . . Average Slot Usage (%) 97 | . 98 99 99 99 99 100 100 100 97 88 99 99 100 100 99 100 93 45 47 35 Engine 6 | . 14 11 11 6 2 7 7 7 4 4 . 1 8 5 . . . . . . Core 1 | . . . . 2 4 . . . . . 6 9 2 3 . 1 3 . . . Reactor 1 | . . . . . . . . . 2 . . . . 1 10 8 4 . . . Treads 8 | . 26 21 22 27 . . . . . . . . . . . . . 4 5 3 Leg 15 | . . . . . 29 30 30 30 29 15 13 20 23 23 23 23 19 . . . Device 10 | . 14 5 . 6 11 13 15 15 10 5 6 15 22 17 17 12 10 16 15 7 Storage 7 | . 14 11 11 9 7 7 7 7 7 6 12 8 5 5 5 5 4 . . . Processor 5 | . . . . 2 7 7 7 7 7 10 6 5 5 11 11 11 12 13 10 10 Hackware 1 | . . 5 2 . 3 1 . . 2 2 . . . . . 4 9 10 15 5 Protection 4 | . . . 8 8 . . . . 1 6 13 8 5 5 4 5 6 . . . Energy Gun 3 | . 14 6 . 1 4 7 9 7 2 7 12 1 . . . . . . . . Ballistic Gun 21 | . 9 36 44 34 25 23 20 23 9 10 5 20 20 17 21 22 16 . . . Ballistic Cannon 2 | . . . . . . . . . 14 . . . . . . . 1 . . . Peak Build Rating 129 | 7 9 18 18 31 46 46 47 47 74 99 83 95 99 112 122 121 129 74 65 69 Average Rating 55 | 5 7 14 17 25 40 44 45 47 60 77 78 89 92 105 118 115 116 65 65 50 On Entrance 57 | . 7 9 18 18 31 46 44 47 47 61 78 83 90 98 112 121 112 49 74 65 Avg Prop Armor Cover (%) 11 | . . . . . . . . . . 4 6 8 . . . . 4 36 37 32 Naked Turns . | . . . . . . . . . . . . . . . . . . . . . Heaviest Build 130 | 15 21 60 70 117 65 67 69 69 95 130 97 105 84 81 97 91 91 4 3 15 Greatest Support 107 | 20 40 40 40 60 68 68 68 68 78 81 26 76 76 102 102 102 107 3 3 20 Greatest Overweight (x) 11 | . . 1 1 1 . . 1 1 1 11 6 6 1 1 . . 2 1 . 4 Average Overweight (x) . | . . . 1 1 . . . 1 . 1 3 2 . . . . . . . . Largest Inventory Capacity 25 | 8 10 20 20 25 25 20 20 20 20 20 20 20 15 15 15 15 15 5 5 5 Average Capacity 17 | 6 9 17 20 24 20 20 20 20 20 20 20 17 15 15 15 15 14 5 5 5 Most Carried 25 | 8 10 20 20 25 25 20 20 20 20 20 20 20 15 15 15 15 15 5 5 5 Average Carried 17 | 5 8 16 19 23 20 19 19 20 19 18 19 17 14 14 13 14 13 4 5 5 Final Capacity 25 | 8 10 20 20 25 20 20 20 20 20 20 20 15 15 15 15 15 5 5 5 5 Final Carried 25 | 8 10 20 20 25 20 20 20 20 20 20 19 15 15 15 15 15 5 5 5 5 Class Distribution -------------------- 41% | Scavenger-Gunner 15% | Tank 12% | Gunner 10% | Mutant 8% | Scavenger-Tank 3% | Scavenger-Mutant Dominant Class ---------------- Mutant | -10/Materials Gunner | -9/Materials Tank | -9/Mines Scavenger-Tank | -8/Materials Scavenger-Gunner | -7/Factory Scavenger-Gunner | -7/Lower Caves Scavenger-Gunner | -7/Lower Caves Scavenger-Gunner | -7/Data Miner Scavenger-Gunner | -6/Proximity Caves Scavenger-Gunner | -6/Factory Tank | -6/Lower Caves Tank | -5/Factory Tank | -5/Extension Scavenger-Gunner | -5/Cetus Scavenger-Gunner | -5/Archives Scavenger-Gunner | -5/Hub_04(d) Scavenger-Gunner | -4/Factory Hacker-Mutant | -4/Waste Hacker-Mutant | -4/Factory Mutant | -4/DSF Resources | -11 -10 -9 -9 -8 -7 -7 -7 -7 -6 -6 -6 -5 -5 -5 -5 -5 -4 -4 -4 -4 ----------- Run | Yrd Mat Mat Min Mat Fac Low Low Dat Pro Fac Low Fac Ext Cet Arc Hub Fac Was Fac DSF Matter Collected 12965 | 344 344 612 267 1355 612 269 217 . 1701 1680 143 630 1454 180 1117 181 1478 218 . 163 Remotely 2211 | . . . . . . . . . 565 744 . 205 559 . 138 . . . . . Salvage Created 18628 | 193 826 1080 238 2350 765 194 385 . 930 3735 558 565 3377 446 383 255 2204 . . 144 Parts 916 | 15 52 60 9 108 46 1 27 . 44 199 16 13 157 24 29 18 93 . . 5 Haulers Intercepted 26 | . 2 2 . 4 3 . . . . 5 . 2 5 . . . 3 . . . Recyclers Shooed 15 | . . . . 1 . 1 . . . 8 . . 1 . . . 4 . . . Parts Field Recycled . | . . . . . . . . . . . . . . . . . . . . . Retrieved Matter . | . . . . . . . . . . . . . . . . . . . . . Parts Self-Destructed 79 | . . . . . . . 25 . 46 . 8 . . . . . . . . . Prevented 84 | . . . . . . . . . 78 . 6 . . . . . . . . . Parts Restored . | . . . . . . . . . . . . . . . . . . . . . Kills | -11 -10 -9 -9 -8 -7 -7 -7 -7 -6 -6 -6 -5 -5 -5 -5 -5 -4 -4 -4 -4 ------- Run | Yrd Mat Mat Min Mat Fac Low Low Dat Pro Fac Low Fac Ext Cet Arc Hub Fac Was Fac DSF Combat Hostiles Destroyed 256 | . 13 14 6 28 12 . 12 . 20 57 10 3 41 4 1 3 28 . . 4 Melee 2 | . . . . . . . . . . . . . . . . . 1 . . 1 Guns 146 | . 12 14 6 28 12 . 9 . 10 19 3 3 15 . 1 3 11 . . . Cannons 15 | . . . . . . . . . 4 7 . . 2 . . . 2 . . . AOE 77 | . . . . . . . 3 . 5 31 5 . 19 . . . 14 . . . Classes Destroyed 23 | 3 6 2 1 2 . 1 . . 3 4 . . . . . . . . . 1 Worker 42 | 1 2 3 . 4 3 . . . . 22 . . 2 . . 1 4 . . . Builder 35 | . 2 . . 2 2 . . . . 20 . . 6 . . . 3 . . . Tunneler 10 | 5 . . 1 1 . . . . . 1 . . 2 . . . . . . . Hauler 26 | . 2 2 . 4 3 . . . . 5 . 2 5 . . . 3 . . . Recycler 28 | 1 1 4 1 7 . . . . . 7 . 1 2 . . . 4 . . . Mechanic 4 | . . . . . . . . . 2 1 . . 1 . . . . . . . Operator 17 | . 1 1 . 1 . . . . . 3 . . 1 . 9 . 1 . . . Watcher 16 | . 3 2 . 3 . . . . . 4 . . 1 1 . 1 1 . . . Swarmer 45 | . 3 3 . . 4 . 7 . 6 3 3 . 9 . . . 7 . . . Cutter 3 | . . . . . . . . . . . . . . . . . . . . 3 Saboteur 5 | . . . . . . . . . . 1 . . 3 . . . 1 . . . Grunt 115 | . 10 8 2 16 5 . 3 . 7 34 4 1 13 . . . 12 . . . Brawler 9 | . . 1 1 1 1 . . . 1 1 1 1 1 . . . . . . . Duelist 8 | . . . . 1 . . 1 . 2 1 1 . 2 . . . . . . . Protector 2 | . . . . . . . . . . 1 . . 1 . . . . . . . Sentry 27 | . . 2 . 9 2 . 1 . . 1 2 . 4 . 1 2 3 . . . Specialist 5 | . . . . . . . . . . 3 . . 1 . . . . . . 1 Hunter 13 | . . . . 1 . . . . 2 3 . 1 2 . . 1 3 . . . Programmer 14 | . . . . . . . . . 1 8 . . 3 . . . 2 . . . Heavy 1 | . . . . . . . . . . 1 . . . . . . . . . . Behemoth 3 | . . . . . . . . . 1 . . . 2 . . . . . . . Cetus Guard 4 | . . . . . . . . . . . . . . 4 . . . . . . Packrat 2 | . . . . . . 2 . . . . . . . . . . . . . . Samaritan 1 | . . . . . . 1 . . . . . . . . . . . . . . Assembled 3 | . . . 3 . . . . . . . . . . . . . . . . . Thug 1 | . . . . . . . . . 1 . . . . . . . . . . . Butcher 1 | . . . . . . . . . . . . . 1 . . . . . . . Guerrilla 1 | . . . . . . . . . . . . . 1 . . . . . . . Best Kill Streak 27 | 4 5 6 2 6 5 . 3 . 6 27 8 2 13 5 4 4 15 . . 4 Combat Bots Only 17 | . 4 4 2 3 4 . 3 . 4 17 8 2 10 4 1 3 10 . . 4 Max Kills in Single Turn 8 | 1 2 2 1 2 3 1 3 . 3 8 2 1 5 1 1 1 4 . . 1 Gunslinging 1 | . . 1 . . . . . . . . . . . . . . . . . . Exploded 5 | . . . . . . . 3 . 3 4 2 . 5 . . . 3 . . . Melee 1 | . . . . . . . . . . . . . . . . . 1 . . 1 Uniques/NPCs Destroyed 1 | . . . . . . . . . . . . . . 1 . . . . . . A7 (-5/Cetus) Combat | -11 -10 -9 -9 -8 -7 -7 -7 -7 -6 -6 -6 -5 -5 -5 -5 -5 -4 -4 -4 -4 -------- Run | Yrd Mat Mat Min Mat Fac Low Low Dat Pro Fac Low Fac Ext Cet Arc Hub Fac Was Fac DSF Hostile Shots Fired 1678 | . 84 25 10 106 81 . 56 . 208 433 31 5 95 4 6 38 422 2 . 72 Missed 511 | . 25 7 1 21 26 . 23 . 60 121 9 . 35 1 . 11 149 . . 22 Hits 1167 | . 59 18 9 85 55 . 33 . 148 312 22 5 60 3 6 27 273 2 . 50 Melee 24 | . . . 1 2 . . 1 . . 5 . . . . . . 1 2 . 12 Projectile 1143 | . 59 18 8 83 55 . 32 . 148 307 22 5 60 3 6 27 272 . . 38 AOE 4 | . . . . 1 . . . . . . . . . . . . . . . 3 Critical Strikes 53 | . 2 1 1 3 1 . 1 . 6 10 2 . 3 . . 1 16 1 . 5 Actively Blocked 16 | . . . . . . . . . 1 . . . 1 . . . 8 1 . 5 Part Disruptions 3 | . . . 1 . . . . . . . . . 1 . . 1 . . . . Damage Taken 21759 | . 783 215 106 1523 630 . 439 . 2447 6175 502 78 774 42 183 549 5781 87 . 1445 Core 2601 | . 202 14 8 53 67 . 87 . 222 581 70 14 72 . 27 23 581 37 . 543 Absorbed by Shields 419 | . . . . 12 . . . . . . . . 343 40 . . . . . 24 Ignored by Resistances 500 | . . . 13 122 . . . . 74 . . . 144 . . . 147 . . . Regen/Repaired (Parts) 509 | . 156 129 . 154 . . . . 70 . . . . . . . . . . . Core Remaining (%) 65 | 100 19 . 94 90 . . . . 46 . 23 . . . . 86 . . . . Volleys Fired 785 | 67 112 38 16 100 30 4 17 . 67 119 11 10 79 11 27 8 69 . . . Largest 4 | 1 2 4 4 4 4 4 4 . 4 4 4 4 4 3 4 4 4 . . . Hottest 356 | 20 100 128 86 138 159 159 211 . 260 356 125 114 206 89 138 138 152 . . . Shots Fired 2211 | 67 196 138 47 392 119 16 66 . 199 309 34 37 276 23 81 29 182 . . . Gun 1971 | 67 186 135 47 392 119 16 65 . 146 232 26 37 234 18 79 28 144 . . . Cannon 141 | . . . . . . . . . 50 43 . . 20 . . . 28 . . . Launcher 87 | . 1 . . . . . 1 . 3 34 8 . 22 5 2 1 10 . . . Special 12 | . 9 3 . . . . . . . . . . . . . . . . . . Kinetic 1707 | 67 84 120 47 377 104 12 47 . 138 142 8 31 234 18 79 28 171 . . . Thermal 294 | . 55 18 . 15 15 4 18 . . 125 18 6 20 . . . . . . . Explosive 48 | . 1 . . . . . 1 . 3 30 2 . . . . 1 10 . . . Electromagnetic 162 | . 56 . . . . . . . 58 12 6 . 22 5 2 . 1 . . . Robot Hit Streak 32 | 7 8 15 11 19 13 8 9 . 9 22 6 10 32 23 20 8 12 . . . Robot Miss Streak 16 | 4 6 3 5 2 4 3 5 . 16 4 3 1 2 1 3 2 5 . . . Penetration Max 1 | . . . . . 1 . . . 1 1 . . 1 . 1 1 1 . . . Secondary Targets 24 | . 4 2 1 3 3 . . . 3 2 1 . 3 . . . 2 . . . Max Gunslinging Chain 1 | . 1 1 1 1 1 . . . 1 1 1 . 1 . . . 1 . . . Shots Hit Robots 1389 | 34 113 81 24 264 68 11 44 . 113 207 16 26 199 17 51 18 94 . . 9 Core Hits 932 | 13 40 39 12 97 34 10 31 . 95 268 21 13 118 11 28 10 91 . . 1 Critical Kills 13 | . . 1 . 3 1 . . . . 2 . . 1 . 2 1 2 . . . Critical Parts Destroyed 17 | . . . . 4 1 . . . . 4 . . 1 . 1 . 4 . . 2 Critical Strikes 48 | . 6 2 . 7 3 . . . 1 11 1 1 2 1 3 1 7 . . 2 Burn 13 | . 4 1 . . 1 . . . . 5 1 1 . . . . . . . . Destroy 29 | . . 1 . 7 2 . . . 1 5 . . 2 1 3 1 6 . . . Blast 1 | . . . . . . . . . . . . . . . . . 1 . . . Corrupt 2 | . 2 . . . . . . . . . . . . . . . . . . . Smash 3 | . . . . . . . . . . 1 . . . . . . . . . 2 Melee Attacks 18 | . . . . . . . . . . 2 . . . . . . . . . 16 Impact 18 | . . . . . . . . . . 2 . . . . . . . . . 16 Slashing . | . . . . . . . . . . . . . . . . . . . . . Piercing . | . . . . . . . . . . . . . . . . . . . . . Sneak Attacks 2 | . . . . . . . . . . 1 . . . . . . . . . 1 Combat Hostiles . | . . . . . . . . . . . . . . . . . . . . . Follow-up Attacks . | . . . . . . . . . . . . . . . . . . . . . Damage Inflicted 45107 | 259 1396 1104 377 3926 1209 204 843 . 3274 13448 1164 584 8148 940 1476 444 5815 . . 496 Guns 24249 | 259 1350 1104 377 3926 1209 204 745 . 1767 3883 387 584 3675 367 1416 426 2570 . . . Cannons 3456 | . . . . . . . . . 1020 1381 . . 691 . . . 364 . . . Explosions 16774 | . 46 . . . . . 98 . 487 8070 777 . 3782 573 60 . 2881 . . . Melee 610 | . . . . . . . . . . 114 . . . . . . . . . 496 Ramming 18 | . . . . . . . . . . . . . . . . 18 . . . . Kinetic 21129 | 259 495 992 377 3744 1017 116 471 . 2260 1999 127 454 3675 367 1416 426 2934 . . . Thermal 8172 | . 378 112 . 182 192 88 274 . 36 4528 260 130 1572 106 . . 314 . . . Explosive 9459 | . 46 . . . . . 98 . 451 6349 190 . . . . . 2325 . . . Electromagnetic 5719 | . 477 . . . . . . . 527 458 587 . 2901 467 60 . 242 . . . Impact 610 | . . . . . . . . . . 114 . . . . . . . . . 496 Slashing . | . . . . . . . . . . . . . . . . . . . . . Piercing . | . . . . . . . . . . . . . . . . . . . . . Highest Corruption 34 | . . 1 6 . 2 2 . . 29 3 3 . 2 2 18 1 5 26 26 34 Average Corruption 5 | . . 1 4 . 2 1 . . 8 2 3 . 1 2 6 1 4 12 26 31 Corruption Purged 22 | . . . . . . 2 . . . . . . . . 20 . . . . . Corruption Blocked . | . . . . . . . . . . . . . . . . . . . . . Effects 162 | . . 4 35 . 9 2 . . 47 13 9 . 4 7 7 . 8 5 . 12 Message Errors 31 | . . . 7 . 2 1 . . 11 2 1 . 1 4 1 . 1 . . . Matter Fused 37 | . . 1 12 . 3 . . . 10 . 3 . . 1 3 . 1 1 . 2 Heat Flow Errors 27 | . . . 4 . 1 . . . 6 3 1 . 2 1 1 . 3 1 . 4 Energy Discharges 25 | . . . 5 . 1 . . . 9 2 2 . 1 . 1 . 1 1 . 2 Parts Rejected 1 | . . . . . . . . . . 1 . . . . . . . . . . Parts Fused 3 | . . . . . . . . . 2 1 . . . . . . . . . . Data Loss (minor) 22 | . . 2 6 . . 1 . . 5 2 1 . . 1 1 . 2 . . 1 Data Loss (major) 4 | . . . . . . . . . 2 2 . . . . . . . . . . Misfires 1 | . . . . . 1 . . . . . . . . . . . . . . . Alerts 3 | . . . 1 . 1 . . . . . . . . . . . . 1 . . Misdirections 4 | . . . . . . . . . . . . . . . . . . 1 . 3 Weapon Failures 4 | . . 1 . . . . . . 2 . 1 . . . . . . . . . Overload Shots 10 | . . . . . . . . . . 8 2 . . . . . . . . . Effects 1 | . . . . . . . . . . 1 . . . . . . . . . . Heat Surge 1 | . . . . . . . . . . 1 . . . . . . . . . . Overflow Damage 1040 | . . . . . . . . . 5 557 . . 155 30 . . 112 . . 181 Projectiles 112 | . . . . . . . . . . 59 . . 32 . . . 21 . . . Explosions 747 | . . . . . . . . . 5 498 . . 123 30 . . 91 . . . Melee 181 | . . . . . . . . . . . . . . . . . . . . 181 Knockbacks 8 | . . . . . . . . . . 1 . . . . . . 5 . . 2 Impact 3 | . . . . . . . . . . 1 . . . . . . . . . 2 Kinetic 4 | . . . . . . . . . . . . . . . . . 4 . . . Secondary 1 | . . . . . . . . . . . . . . . . . 1 . . . Self-Inflicted Damage 592 | . . . . . . . 11 . 49 192 42 . . . . . 298 . . . Shots 19 | . . . . . . . 1 . 2 9 1 . . . . . 6 . . . Rammed . | . . . . . . . . . . . . . . . . . . . . . Targets Rammed 1 | . . . . . . . . . . . . . . . . 1 . . . . Kicked 1 | . . . . . . . . . . . . . . . . 1 . . . . Crushed . | . . . . . . . . . . . . . . . . . . . . . Highest Temperature 537 | . 371 148 256 363 351 129 266 . 379 537 339 122 307 198 118 345 399 102 . 148 Average Temperature 92 | . 70 42 68 77 100 53 70 . 115 130 126 50 99 117 33 151 134 59 . 69 Received Heat Transfer 4846 | . 471 105 38 540 168 . 117 . 426 1504 144 . 136 . 27 90 908 . . 172 Effects 23 | . 1 . 2 2 1 . . . 3 9 2 . 1 . . . 2 . . . Shutdowns 6 | . 1 . . 1 1 . . . . 1 1 . . . . . 1 . . . Energy Bleed 3 | . . . . . . . . . . 1 . . 1 . . . 1 . . . Interference 7 | . . . 2 . . . . . 3 2 . . . . . . . . . . Matter Decay 4 | . . . . 1 . . . . . 2 1 . . . . . . . . . Short Circuit 2 | . . . . . . . . . . 2 . . . . . . . . . . Damage (core) 1 | . . . . . . . . . . 1 . . . . . . . . . . Siege Activations . | . . . . . . . . . . . . . . . . . . . . . Martial Activations . | . . . . . . . . . . . . . . . . . . . . . Shielding Activations . | . . . . . . . . . . . . . . . . . . . . . Robots Disrupted 4 | . 1 . . . . . . . 3 . . . . . . . . . . . Combat Hostiles 4 | . 1 . . . . . . . 3 . . . . . . . . . . . Robots Corrupted 15 | . 1 . . . . . . . 1 . 1 . 5 4 . . . . . 3 Combat Hostiles 14 | . 1 . . . . . . . 1 . . . 5 4 . . . . . 3 Parts Fried 29 | . . . . . . . . . 3 . . . 17 6 . . . . . 3 Impact Corruptions 6 | . . . . . . . . . . . . . . . . . . . . 6 Robots Melted 2 | . 1 . . . . . . . . . 1 . . . . . . . . . Combat Hostiles 1 | . . . . . . . . . . . 1 . . . . . . . . . Parts Melted 10 | . 2 . . 3 . . . . . 5 . . . . . . . . . . Heat Transferred 9327 | . 1406 370 . 370 457 200 599 . 50 3847 444 259 925 100 . . 300 . . . Parts Sabotaged 4 | . . . . . . . . . . 2 . . . . . . 2 . . . Parts Stolen . | . . . . . . . . . . . . . . . . . . . . . Parts Stripped . | . . . . . . . . . . . . . . . . . . . . . Power Chain Reactions 16 | . . . . . . . . . 1 4 2 . 7 2 . . . . . . Alert | -11 -10 -9 -9 -8 -7 -7 -7 -7 -6 -6 -6 -5 -5 -5 -5 -5 -4 -4 -4 -4 ------- Run | Yrd Mat Mat Min Mat Fac Low Low Dat Pro Fac Low Fac Ext Cet Arc Hub Fac Was Fac DSF Maximum Alert Level 5 | . . . . 2 1 . . . . 5 . 3 5 4 3 2 4 1 1 1 Low Security (%) 47 | 100 100 100 100 66 2 . . . . 27 . . . . . 16 . . . 46 Level 1 12 | . . . . 20 97 . . . . . . . 16 . . 20 18 100 100 53 Level 2 18 | . . . . 13 . . . . . 7 . 16 49 . 77 63 48 . . . Level 3 7 | . . . . . . . . . . 9 . 83 . . 22 . 16 . . . Level 4 8 | . . . . . . . . . . 16 . . 14 100 . . 17 . . . Level 5 5 | . . . . . . . . . . 38 . . 16 . . . . . . . High Security . | . . . . . . . . . . . . . 3 . . . . . . . Max Security . | . . . . . . . . . . . . . . . . . . . . . Peak Influence 2211 | 15 195 198 63 579 292 . . . . 2038 . 809 2211 1363 741 662 1281 387 249 224 Initial 1237 | . . 7 48 . 260 . . . . 152 . 795 371 1237 522 151 324 387 249 174 Average 442 | 1 87 65 5 162 241 . . . . 1126 . 743 854 1289 594 458 726 373 249 199 Influence Increases 11752 | 35 498 449 113 1066 346 . 275 . 482 2720 248 226 2394 328 326 641 1496 . . 109 Destroy 0b10 Robot/C 5780 | . 260 280 60 640 240 . 240 . 420 1120 220 80 1200 160 80 140 560 . . 80 Destroy 0b10 Robot/NC 960 | 35 55 60 10 115 40 . . . 15 320 . 25 135 10 45 15 80 . . . Destroy Leader 996 | . 60 68 10 214 46 . 20 . 20 248 10 28 124 . . 42 96 . . 10 Allied During Kill 1189 | . . . 11 20 . . . . 12 . 18 29 790 102 104 103 . . . . Successful Hack 68 | . 31 4 7 12 . . . . . . . . . . . 9 5 . . . Select Force Hacks 50 | . . . . . . . . . . . . . . . . 50 . . . . Disable Machine 855 | . . . 15 15 15 . . . . 405 . 30 15 . 75 30 255 . . . Anti-Garrison Action 350 | . . . . . . . . . . 150 . . . . . 200 . . . . Destroy Structure 919 | . 17 7 . 5 5 . . . . 237 . 34 70 56 22 52 410 . . 4 Advance Influence 150 | . . . . . . . . . . 150 . . . . . . . . . . Partial Spotted 15 | . . . . 15 . . . . . . . . . . . . . . . . Lose Combat Pursuer 420 | . 75 30 . 30 . . 15 . 15 90 . . 60 . . . 90 . . 15 Influence Decreases 11539 | 35 479 342 239 493 641 278 237 38 478 746 963 730 942 1232 1201 411 1050 751 108 145 Entered New Map 5418 | . . 12 78 . 313 104 . 38 . 2 733 468 388 974 785 281 338 721 108 75 Time Decay 5051 | 35 459 330 151 443 318 174 227 . 358 514 190 262 434 238 416 90 392 20 . . Lost Part 770 | . 20 . 10 10 10 . 10 . 60 230 20 . . . . . 320 10 . 70 Lost Ally 300 | . . . . 40 . . . . 60 . 20 . 120 20 . 40 . . . . Squads Dispatched 57 | . 2 2 1 7 2 . . . 1 17 . 2 8 . . 2 11 . . 2 Investigation 10 | . 1 2 . 1 1 . . . 1 . . 1 . . . 2 1 . . . Extermination 5 | . . . . . 1 . . . . 2 . 1 . . . . 1 . . . Reinforcement 19 | . 1 . 1 2 . . . . . 7 . . 3 . . . 3 . . 2 Assault 13 | . . . . . . . . . . 5 . . 5 . . . 3 . . . Garrison 10 | . . . . 4 . . . . . 3 . . . . . . 3 . . . Intercept . | . . . . . . . . . . . . . . . . . . . . . Searches Triggered . | . . . . . . . . . . . . . . . . . . . . . Data Miner Redirects 4 | . . . . . . . . . . 1 . . 1 . . . 2 . . . Construction Impeded 8 | . . . 1 . . . . . . 3 . . 3 . . . 1 . . . Haulers Reinforced 2 | . . . . . . . . . . 2 . . . . . . . . . . Active Scanning Responses . | . . . . . . . . . . . . . . . . . . . . . Cargo Convoy Interrupts 1 | . . . . . . . . . . 1 . . . . . . . . . . Stealth | -11 -10 -9 -9 -8 -7 -7 -7 -7 -6 -6 -6 -5 -5 -5 -5 -5 -4 -4 -4 -4 --------- Run | Yrd Mat Mat Min Mat Fac Low Low Dat Pro Fac Low Fac Ext Cet Arc Hub Fac Was Fac DSF Distress Signals 15 | . . . 1 3 . . . . 1 5 . . 2 2 1 . . . . . Communications Jammed 14 | . . . . . . . . . . . . . 14 . . . . . . . Distress Signals 14 | . . . . . . . . . . . . . 14 . . . . . . . Times Spotted 446 | . 25 16 10 40 15 . 10 . 62 79 13 4 64 6 27 11 45 6 . 13 Peak Tracking Total 15 | . 4 3 3 3 4 . 3 . 9 10 7 2 15 5 2 8 9 6 . 6 Tactical Retreats 21 | . 3 1 1 2 . . 1 . 1 5 . . 3 . . . 3 . . 1 Traps | -11 -10 -9 -9 -8 -7 -7 -7 -7 -6 -6 -6 -5 -5 -5 -5 -5 -4 -4 -4 -4 ------- Run | Yrd Mat Mat Min Mat Fac Low Low Dat Pro Fac Low Fac Ext Cet Arc Hub Fac Was Fac DSF Traps Triggered 9 | . . . . 3 1 . . . . 1 . . . . . 1 1 . . 2 Indirectly . | . . . . . . . . . . . . . . . . . . . . . Trap Hack Attempts . | . . . . . . . . . . . . . . . . . . . . . Triggered . | . . . . . . . . . . . . . . . . . . . . . Disarmed 3 | . . . . 3 . . . . . . . . . . . . . . . . Reprogrammed . | . . . . . . . . . . . . . . . . . . . . . Reused 1 | . . . 1 . . . . . . . . . . . . . . . . . Traps Extracted . | . . . . . . . . . . . . . . . . . . . . . Installed 4 | . . . 4 . . . . . . . . . . . . . . . . . Triggered . | . . . . . . . . . . . . . . . . . . . . . Machines | -11 -10 -9 -9 -8 -7 -7 -7 -7 -6 -6 -6 -5 -5 -5 -5 -5 -4 -4 -4 -4 ---------- Run | Yrd Mat Mat Min Mat Fac Low Low Dat Pro Fac Low Fac Ext Cet Arc Hub Fac Was Fac DSF Machines Disabled 62 | . . . 1 1 1 . . . . 28 1 2 4 . 5 2 17 . . . Max in Single Turn 21 | . . . 1 1 1 . . . . 21 1 . 2 . 2 . 7 . . . Garrison Access 4 | . . . . 1 . . . . . 1 . . . . . 1 1 . . . Network Hub 1 | . . . . . . . . . . . . . . . . 1 . . . . Machines Repaired . | . . . . . . . . . . . . . . . . . . . . . Machines Dismantled . | . . . . . . . . . . . . . . . . . . . . . Machines Sabotaged 1 | . . . . . . . . . . . . . . . . 1 . . . . Overloaded Fab Kills . | . . . . . . . . . . . . . . . . . . . . . Hacking | -11 -10 -9 -9 -8 -7 -7 -7 -7 -6 -6 -6 -5 -5 -5 -5 -5 -4 -4 -4 -4 --------- Run | Yrd Mat Mat Min Mat Fac Low Low Dat Pro Fac Low Fac Ext Cet Arc Hub Fac Was Fac DSF Machines Accessed 46 | . 7 6 1 4 3 . . 4 1 4 1 1 4 1 . 3 5 . 1 . Terminals 23 | . 4 3 1 2 . . . . . 2 . 1 4 1 . 2 2 . 1 . Fabricators . | . . . . . . . . . . . . . . . . . . . . . Repair Stations 8 | . 1 1 . 1 2 . . . 1 1 . . . . . . 1 . . . Recycling Units 4 | . 2 . . . 1 . . . . 1 . . . . . . . . . . Scanalyzers 2 | . . 2 . . . . . . . . . . . . . . . . . . Garrison Access 4 | . . . . 1 . . . . . . . . . . . 1 2 . . . Total Hacks 147 | . 21 23 3 14 4 . . 29 4 7 1 4 8 3 . 7 18 . 1 . Successful 84 | . 11 15 1 7 1 . . 29 3 2 1 . 2 . . 6 5 . 1 . Failed 63 | . 10 8 2 7 3 . . . 1 5 . 4 6 3 . 1 13 . . . Catastrophic 12 | . 1 3 1 . 2 . . . . 2 . . 1 . . . 2 . . . Database Lockouts . | . . . . . . . . . . . . . . . . . . . . . Manual 31 | . 12 4 3 2 1 . . . . . . . 1 1 . 2 5 . . . Terminals 63 | . 13 8 3 7 . . . . . 3 . 4 8 3 . 5 8 . 1 . Fabricators . | . . . . . . . . . . . . . . . . . . . . . Repair Stations 28 | . 4 7 . 6 2 . . . 4 1 . . . . . . 4 . . . Recycling Units 9 | . 4 . . . 2 . . . . 3 . . . . . . . . . . Scanalyzers 8 | . . 8 . . . . . . . . . . . . . . . . . . Garrison Access 9 | . . . . 1 . . . . . . . . . . . 2 6 . . . Terminal Hacks 49 | . 4 1 1 2 . . . 29 . 1 1 . 2 . . 4 3 . 1 . Record 11 | . . . . . . . . 11 . . . . . . . . . . . . Part Schematic 17 | . 3 . 1 1 . . . 11 . . . . . . . 1 . . . . Robot Schematic 4 | . . . . . . . . 4 . . . . . . . . . . . . Prototype ID Bank 6 | . 1 1 . . . . . 3 . . . . 1 . . . . . . . Open Door 1 | . . . . . . . . . . . 1 . . . . . . . . . Open DSF 1 | . . . . . . . . . . . . . . . . . . . 1 . Branch Access Points 2 | . . . . . . . . . . 1 . . . . . . 1 . . . Emergency Access Points 1 | . . . . . . . . . . . . . . . . 1 . . . . Alert Level 1 | . . . . . . . . . . . . . . . . 1 . . . . Locate Traps 2 | . . . . . . . . . . . . . 1 . . . 1 . . . Disarm Traps 1 | . . . . 1 . . . . . . . . . . . . . . . . Zone Layout 2 | . . . . . . . . . . . . . . . . 1 1 . . . Fabricator Hacks . | . . . . . . . . . . . . . . . . . . . . . Repair Station Hacks 18 | . 4 6 . 4 . . . . 3 . . . . . . . 1 . . . Scan Component 10 | . 2 3 . 2 . . . . 2 . . . . . . . 1 . . . Repair 8 | . 2 3 . 2 . . . . 1 . . . . . . . . . . . Recycling Unit Hacks 3 | . 1 . . . 1 . . . . 1 . . . . . . . . . . Retrieve Components 3 | . 1 . . . 1 . . . . 1 . . . . . . . . . . Scanalyzer 8 | . . 8 . . . . . . . . . . . . . . . . . . Insert Component 2 | . . 2 . . . . . . . . . . . . . . . . . . Analyze 3 | . . 3 . . . . . . . . . . . . . . . . . . Retrieve Study 3 | . . 3 . . . . . . . . . . . . . . . . . . Garrison Access Hacks 2 | . . . . 1 . . . . . . . . . . . . 1 . . . Seal Access 2 | . . . . 1 . . . . . . . . . . . . 1 . . . Unauthorized Hacks 4 | . 2 . . . . . . . . . . . . . . 2 . . . . Terminals 3 | . 2 . . . . . . . . . . . . . . 1 . . . . Botnet 1 | . 1 . . . . . . . . . . . . . . . . . . . Operators 1 | . 1 . . . . . . . . . . . . . . . . . . . Sabotage 1 | . . . . . . . . . . . . . . . . 1 . . . . Fabricators . | . . . . . . . . . . . . . . . . . . . . . Repair Stations . | . . . . . . . . . . . . . . . . . . . . . Recycling Units . | . . . . . . . . . . . . . . . . . . . . . Scanalyzers . | . . . . . . . . . . . . . . . . . . . . . Garrison Access 1 | . . . . . . . . . . . . . . . . 1 . . . . Jam 1 | . . . . . . . . . . . . . . . . 1 . . . . Data Cores Recovered 2 | . . . . . . . . . . 1 . . 1 . . . . . . . Used . | . . . . . . . . . . . . . . . . . . . . . Hacking Detections 35 | . 7 6 1 3 3 . . . 1 3 . 1 4 1 . 1 4 . . . Full Trace Events 9 | . 2 3 . . 1 . . . 1 . . 1 . . . . 1 . . . Feedback Events 1 | . . 1 . . . . . . . . . . . . . . . . . . Corruption 1 | . . 1 . . . . . . . . . . . . . . . . . . Feedback Blocked . | . . . . . . . . . . . . . . . . . . . . . Robot Schematics Acquired 4 | . . . . . . . . 4 . . . . . . . . . . . . Robots Built . | . . . . . . . . . . . . . . . . . . . . . Authchips . | . . . . . . . . . . . . . . . . . . . . . Time . | . . . . . . . . . . . . . . . . . . . . . Total Robot Build Rating . | . . . . . . . . . . . . . . . . . . . . . Part Schematics Acquired 18 | . 2 2 1 1 . . . 11 . . . . . . . 1 . . . . Parts Built . | . . . . . . . . . . . . . . . . . . . . . Authchips . | . . . . . . . . . . . . . . . . . . . . . Time . | . . . . . . . . . . . . . . . . . . . . . Total Part Build Rating . | . . . . . . . . . . . . . . . . . . . . . Part Studies Acquired 3 | . . 3 . . . . . . . . . . . . . . . . . . Parts Repaired 8 | . 2 3 . 2 . . . . 1 . . . . . . . . . . . Time 258 | . 52 111 . 64 . . . . 31 . . . . . . . . . . . Parts Recycled . | . . . . . . . . . . . . . . . . . . . . . Recycled Matter . | . . . . . . . . . . . . . . . . . . . . . Retrieved Matter . | . . . . . . . . . . . . . . . . . . . . . Retrieved Components 7 | . 6 . . . 1 . . . . . . . . . . . . . . . Parts Scanalyzed 2 | . . 2 . . . . . . . . . . . . . . . . . . Part Schematics Acquired 2 | . . 2 . . . . . . . . . . . . . . . . . . Parts Damaged . | . . . . . . . . . . . . . . . . . . . . . Bothacking | -11 -10 -9 -9 -8 -7 -7 -7 -7 -6 -6 -6 -5 -5 -5 -5 -5 -4 -4 -4 -4 ------------ Run | Yrd Mat Mat Min Mat Fac Low Low Dat Pro Fac Low Fac Ext Cet Arc Hub Fac Was Fac DSF Used RIF Installer . | . . . . . . . . . . . . . . . . . . . . . Robots Hacked . | . . . . . . . . . . . . . . . . . . . . . Non-combat . | . . . . . . . . . . . . . . . . . . . . . Combat . | . . . . . . . . . . . . . . . . . . . . . Robot Hacks Applied . | . . . . . . . . . . . . . . . . . . . . . Relay Couplers Released 5 | . . . . . . . . . . 4 . . . . . 1 . . . . Machine Destruction 1 | . . . . . . . . . . . . . . . . 1 . . . . Programmers 4 | . . . . . . . . . . 4 . . . . . . . . . . Fabnet Peak Effective % . | . . . . . . . . . . . . . . . . . . . . . Robots Rewired 14 | . . . . . . . . . 3 . . . 11 . . . . . . . Allies Hacked 2 | . . . . . . . . . . . 2 . . . . . . . . . Hacks Repelled . | . . . . . . . . . . . . . . . . . . . . . Allies | -11 -10 -9 -9 -8 -7 -7 -7 -7 -6 -6 -6 -5 -5 -5 -5 -5 -4 -4 -4 -4 -------- Run | Yrd Mat Mat Min Mat Fac Low Low Dat Pro Fac Low Fac Ext Cet Arc Hub Fac Was Fac DSF Total Allies 27 | . . . 3 . . . . . 4 . 3 . 12 5 . . . . . . Largest Group 12 | . . . 3 3 . . . . 3 . 1 1 12 7 5 4 . . . . Highest-Rated Group 673 | . . . 40 40 . . . . 84 . 165 165 450 673 411 315 . . . . Highest-Rated Ally 165 | . . . 16 16 . . . . 40 . 165 165 165 159 96 96 . . . . Total Orders . | . . . . . . . . . . . . . . . . . . . . . Ally Attacks 336 | . . . 22 29 . . . . 13 . 3 8 166 50 21 24 . . . . Total Damage 8754 | . . . 183 377 . . . . 292 . 58 580 4695 1269 679 621 . . . . Kills 59 | . . . 5 5 . . . . 2 . 1 3 28 5 4 6 . . . . Allies Corrupted . | . . . . . . . . . . . . . . . . . . . . . Allies Melted . | . . . . . . . . . . . . . . . . . . . . . Intel | -11 -10 -9 -9 -8 -7 -7 -7 -7 -6 -6 -6 -5 -5 -5 -5 -5 -4 -4 -4 -4 ------- Run | Yrd Mat Mat Min Mat Fac Low Low Dat Pro Fac Low Fac Ext Cet Arc Hub Fac Was Fac DSF Active Infowar (turns) 7906 | 223 1372 520 . 202 562 486 654 154 266 848 383 564 795 . . 153 609 56 4 55 Optics 309 | . . . . . . . . . . 309 . . . . . . . . . . IFF 1913 | . . . . . . . . . . 61 383 564 28 . . 153 609 56 4 55 Seismic 4917 | 223 1372 520 . 202 562 486 654 154 266 478 . . . . . . . . . . Cloaking 5 | . . . . . . . . . . . . . . . . . . 5 . . Jamming 1051 | . . . . . . . . . . . . 256 795 . . . . . . . Robot Analysis Total . | . . . . . . . . . . . . . . . . . . . . . Derelict Logs Recovered 3 | . . . 1 . . . 1 . . . 1 . . . . . . . . . Drone Launches . | . . . . . . . . . . . . . . . . . . . . . Drone Recoveries . | . . . . . . . . . . . . . . . . . . . . . Exploration | -11 -10 -9 -9 -8 -7 -7 -7 -7 -6 -6 -6 -5 -5 -5 -5 -5 -4 -4 -4 -4 ------------- Run | Yrd Mat Mat Min Mat Fac Low Low Dat Pro Fac Low Fac Ext Cet Arc Hub Fac Was Fac DSF Turns Passed 17122 | 319 1372 1107 1461 1984 718 629 654 154 2376 1405 383 564 1108 502 1011 195 928 56 4 192 Spaces Moved 7915 | 150 606 410 576 609 421 399 336 78 1255 649 238 336 539 185 265 128 534 81 7 113 Core 172 | 7 . . . . . . . . . . . . . . . . 7 81 7 70 Treads 2174 | . 579 410 576 609 . . . . . . . . . . . . . . . . Legs 4847 | 143 27 . . . 421 399 336 78 1255 355 . 204 539 185 265 128 512 . . . Wheels 664 | . . . . . . . . . . 294 238 132 . . . . . . . . Hover 16 | . . . . . . . . . . . . . . . . . . . . 16 Flight 42 | . . . . . . . . . . . . . . . . . 15 . . 27 Fastest Speed 36 | 50 120 160 240 240 130 130 130 200 107 105 135 120 112 112 120 120 40 50 50 36 Average Speed 157 | 116 158 197 240 240 130 130 168 200 155 127 138 142 133 161 120 120 117 54 50 87 Slowest Speed 470 | 120 160 240 240 240 130 130 200 200 200 470 190 190 187 187 120 120 222 100 50 250 Overloaded Moves . | . . . . . . . . . . . . . . . . . . . . . Propulsion Burnouts . | . . . . . . . . . . . . . . . . . . . . . Robots Hopped 1 | . . . . . . . . . . . . . . . . . 1 . . . Potential Cave-ins 5 | . . . . . . . . . 5 . . . . . . . . . . . Cave-ins Triggered 1 | . . . . . . . . . . . . . . . . . . . . 1 Exploration Rate (%) 51 | 6 82 45 94 57 13 68 54 69 74 26 40 10 67 64 87 15 18 69 . 67 Regions Visited 20 Branch Regions 10 Pre-discovered Areas 3 | . . . 1 . . . . 1 . . 1 . . . . . . . . . Known Exits Taken 3 | . . . . . . . . . 1 1 . . . . . . . . 1 . Unknown Exits Taken 15 | 1 1 1 1 1 1 1 1 1 . . 1 1 1 1 1 1 . . . . Scrap Searched 13 | . . . 2 . . 3 2 . 4 . 2 . . . . . . . . . Spaces Dug 25 | . 9 3 . . . . . . . 4 2 . . . . . 5 . . 2 Terrain Destroyed 771 | . 19 3 . . . . 18 . 136 261 26 . 20 32 20 26 208 . . 2 Melee 2 | . . . . . . . . . . . . . . . . . . . . 2 Projectile 113 | . 9 3 . . . . . . 26 11 2 . 4 2 20 10 26 . . . AOE 656 | . 10 . . . . . 18 . 110 250 24 . 16 30 . 16 182 . . . Terrain Rammed . | . . . . . . . . . . . . . . . . . . . . . Walls Destroyed . | . . . . . . . . . . . . . . . . . . . . . Machines Disabled . | . . . . . . . . . . . . . . . . . . . . . Actions | -11 -10 -9 -9 -8 -7 -7 -7 -7 -6 -6 -6 -5 -5 -5 -5 -5 -4 -4 -4 -4 --------- Run | Yrd Mat Mat Min Mat Fac Low Low Dat Pro Fac Low Fac Ext Cet Arc Hub Fac Was Fac DSF Total 11088 | 238 826 615 620 886 526 500 379 77 1546 974 262 402 791 380 912 152 731 91 7 173 Wait 1406 | 1 64 113 21 113 31 84 17 . 74 65 . 12 31 153 585 2 33 6 . 1 Move 7895 | 149 605 409 575 608 420 398 335 77 1254 648 237 335 538 184 264 128 532 80 6 113 Hop 1 | . . . . . . . . . . . . . . . . . 1 . . . Pick Up 215 | 10 15 25 1 15 11 4 1 . 31 38 2 12 10 9 8 1 21 1 . . Fast Attach 134 | 6 3 3 . 14 5 2 1 . 21 23 . 6 6 4 9 4 14 3 . 10 Attach 93 | 1 3 2 1 4 6 2 1 . 14 27 2 3 2 3 . . 22 . . . Detach 4 | . . . . . . . . . 1 3 . . . . . . . . . . Swap 145 | 2 9 9 1 10 5 . 4 . 29 14 9 4 18 1 6 6 18 . . . Drop 262 | 2 15 16 1 22 18 6 3 . 45 35 1 20 17 15 13 3 21 1 1 7 Fire 785 | 67 112 38 16 100 30 4 17 . 67 119 11 10 79 11 27 8 69 . . . Melee 18 | . . . . . . . . . . 2 . . . . . . . . . 16 Ram . | . . . . . . . . . . . . . . . . . . . . . Kick . | . . . . . . . . . . . . . . . . . . . . . Crush . | . . . . . . . . . . . . . . . . . . . . . Escape Stasis 26 | . . . . . . . . . . . . . . . . . . . . 26 Rewire 100 | . . . . . . . . . 10 . . . 90 . . . . . . . Trap 4 | . . . 4 . . . . . . . . . . . . . . . . . Miscellaneous . | . . . . . . . . . . . . . . . . . . . . . Route ------- -11/Scrapyard -10/Materials (discovered 4 exits: *Mat x3 / [*Min]) -9/Materials (discovered 2 exits: *Mat / *Min) -9/Mines (discovered 2 exits: *Mat x2) -8/Materials (discovered 3 exits: *Fac x2 / [*Sto]) -7/Factory -7/Lower Caves -7/Lower Caves -7/Data Miner -6/Proximity Caves -6/Factory (discovered 2 exits: *Low x2) -6/Lower Caves -5/Factory -5/Extension (discovered 2 exits: *Fac / *Cet) -5/Cetus (discovered 2 exits: *Fac / [*Arc]) -5/Archives (discovered 3 exits: *Fac / *Hub x2) -5/Hub_04(d) -4/Factory (discovered 2 exits: Upp x2) -4/Waste -4/Factory -4/DSF History --------- Turn | Location | Event 4 | -11/Scrapyard | Discovered new exit (range 14) 320 | -11/Scrapyard | Entered Materials 321 | -10/Materials | Build established: Mutant 552 | -10/Materials | Discovered new exit (range 11) 679 | -10/Materials | Discovered new exit (range 9) 935 | -10/Materials | Core integrity fell below 50% 983 | -10/Materials | Core integrity fell below 20% 1057 | -10/Materials | Repaired Lgt. Treads 1084 | -10/Materials | Repaired Med. Laser 1127 | -10/Materials | Discovered new exit (range 15) 1177 | -10/Materials | Build established: Scavenger-Mutant 1487 | -10/Materials | Discovered new exit (range 12) 1661 | -10/Materials | Build established: Mutant 1692 | -10/Materials | Entered another Materials area 1692 | -9/Materials | Evolved 2 slots: Weapon x2 1960 | -9/Materials | Repaired Lgt. Treads 1981 | -9/Materials | Build established: Gunner 2014 | -9/Materials | Repaired Corrupted Hacking Suite 2047 | -9/Materials | Repaired Hvy. Assault Rifle 2089 | -9/Materials | Discovered new exit (range 3) 2655 | -9/Materials | Discovered new exit (range 16) 2799 | -9/Materials | Entered Mines 2924 | -9/Mines | Found a hidden stash of uninstalled traps 2967 | -9/Mines | Assisted by bots powering up and referring to "LRC-V3" 2982 | -9/Mines | Assembled infested the area 2987 | -9/Mines | Assisted by a Guerilla fighting off Assembled 3395 | -9/Mines | Learned location of Zion (-6) 3483 | -9/Mines | Build established: Tank 3532 | -9/Mines | Discovered new exit (range 10) 4098 | -9/Mines | Discovered new exit (range 14) 4260 | -9/Mines | Entered Materials 4260 | -8/Materials | Accompanied by 3 allies 4260 | -8/Materials | Evolved 2 slots: Propulsion x1, Utility x1 4501 | -8/Materials | Discovered new exit (range 11) 4584 | -8/Materials | Build established: Scavenger-Tank 4750 | -8/Materials | Repaired Hvy. Assault Rifle+ 4784 | -8/Materials | Repaired Hvy. Assault Rifle+ 5391 | -8/Materials | Discovered new exit (range 11) 5439 | -8/Materials | Garrison activated, responded to threat 5579 | -8/Materials | Garrison activated, responded to threat 5936 | -8/Materials | Build established: Scavenger-Gunner 6220 | -8/Materials | Discovered new exit (range 5) 6244 | -8/Materials | Entered Factory 6244 | -7/Factory | Evolved 2 slots: Propulsion x1, Utility x1 6646 | -7/Factory | Found Prototype Launcher 6720 | -7/Factory | Identified Rocket Array 6748 | -7/Factory | Discovered new exit (range 11) 6962 | -7/Factory | Entered Lower Caves 7030 | -7/Lower Caves | Encountered a Warlord checkpoint 7216 | -7/Lower Caves | Entered a destroyed Warlord outpost 7558 | -7/Lower Caves | Discovered new exit (range 11) 7591 | -7/Lower Caves | Entered another Lower Caves area 7654 | -7/Lower Caves | Attracted the attention of an 0b10 checkpoint 7915 | -7/Lower Caves | Encountered a Warlord checkpoint 8203 | -7/Lower Caves | Learned location of 1 exit from Proximity Caves 8221 | -7/Lower Caves | Discovered new exit (range 12) 8245 | -7/Lower Caves | Entered Data Miner 8245 | -7/Data Miner | Discovered new exit (range 6) 8283 | -7/Data Miner | Met Data Miner 8321 | -7/Data Miner | Learned location of Section 7 (-2) 8321 | -7/Data Miner | Acquired the access code to Warlord's prototype stash 8353 | -7/Data Miner | Received God Mode back door access code from Data Miner 8399 | -7/Data Miner | Entered Proximity Caves 8400 | -6/Proximity Caves | Identified exit to Factory 8401 | -6/Proximity Caves | Greeted by an Infiltrator in a former 0b10 base 8524 | -6/Proximity Caves | Former 0b10 base attacked by MAIN.C 8716 | -6/Proximity Caves | Spotter reported a threat 8761 | -6/Proximity Caves | Lost 6 allies 8875 | -6/Proximity Caves | P-70 Sage assimilated allied G7-NOW(g) 8896 | -6/Proximity Caves | Lost 15 allies 8899 | -6/Proximity Caves | 0b10 base defense nominally successful 8946 | -6/Proximity Caves | Build established: Gunner 9123 | -6/Proximity Caves | Repaired Adv. VSS Leg 9412 | -6/Proximity Caves | Spotted B-75 Beast 9468 | -6/Proximity Caves | Destroyed B-75 Beast 9861 | -6/Proximity Caves | Build established: Scavenger-Gunner 10335 | -6/Proximity Caves | Ambushed by research squad 10366 | -6/Proximity Caves | Core integrity fell below 50% 10388 | -6/Proximity Caves | System corruption reached 10% 10409 | -6/Proximity Caves | Lost 4 parts (1n1u2w) 10775 | -6/Proximity Caves | Entered Factory 10775 | -6/Factory | Evolved 2 slots: Utility x2 10878 | -6/Factory | Found Prototype Processor 10878 | -6/Factory | Identified Exp. Targeting Computer 10881 | -6/Factory | Found Exp. Targeting Computer 11112 | -6/Factory | Identified exit to Lower Caves 11317 | -6/Factory | Destroyed 13 combat bots 11318 | -6/Factory | Lost 6 parts (1n1u4w) 11404 | -6/Factory | Cargo convoy interrupted 11405 | -6/Factory | Garrison activated, responded to threat 11456 | -6/Factory | Found Prototype Protection 11456 | -6/Factory | Identified Active Cooling Armor 11486 | -6/Factory | Found Prototype Processor 11486 | -6/Factory | Identified Exp. Signal Interpreter 11490 | -6/Factory | Destroyed 17 combat bots 11495 | -6/Factory | Lost 14 parts (1p6n3u4w) 11559 | -6/Factory | Core integrity fell below 50% 11650 | -6/Factory | Found Prototype Processor 11655 | -6/Factory | Destroyed 8 combat bots 11666 | -6/Factory | Found Exp. Signal Interpreter 11728 | -6/Factory | Identified Spectral Analyzer 11825 | -6/Factory | First assault squad dispatched 11840 | -6/Factory | Incoming assault squad redirected 12180 | -6/Factory | Entered Lower Caves 12397 | -6/Lower Caves | Build established: Tank 12496 | -6/Lower Caves | Attracted the attention of an 0b10 outpost 12539 | -6/Lower Caves | Destroyed 8 combat bots 12547 | -6/Lower Caves | ME-RLN showed up to help 12550 | -6/Lower Caves | ME-RLN revealed a hidden path 12550 | -6/Lower Caves | Learned location of Extension (-5) 12555 | -6/Lower Caves | ME-RLN assimilated hostile G-50 Soldier 12561 | -6/Lower Caves | ME-RLN assimilated hostile G-50 Soldier 12563 | -6/Lower Caves | Entered Factory 12563 | -5/Factory | Accompanied by 1 ally (ME-RLN) 12563 | -5/Factory | Evolved 2 slots: Power x1, Utility x1 13107 | -5/Factory | Discovered new exit (range 15) 13127 | -5/Factory | Entered Extension 13127 | -5/Extension | Accompanied by 1 ally (ME-RLN) 13245 | -5/Extension | Rescued A7 13427 | -5/Extension | First assault squad dispatched 13842 | -5/Extension | Build established: Commander-Tank 13865 | -5/Extension | P-70 Sage assimilated allied EE-OK0(b) 13888 | -5/Extension | Destroyed 10 combat bots 13909 | -5/Extension | Spotted B-75 Beast 13914 | -5/Extension | Destroyed B-75 Beast 13938 | -5/Extension | Spotted B-75 Beast 13952 | -5/Extension | Disrupted transfer network 13953 | -5/Extension | Destroyed B-75 Beast 13989 | -5/Extension | Lost 6 allies 14052 | -5/Extension | Incoming assault squad redirected 14201 | -5/Extension | High security lockdown imminent 14205 | -5/Extension | Discovered new exit (range 16) 14210 | -5/Extension | Discovered new exit (range 14) 14230 | -5/Extension | Destroyed 8 combat bots 14235 | -5/Extension | Entered Cetus 14235 | -5/Cetus | Accompanied by 2 allies (A7) 14240 | -5/Cetus | Acquired a Cetus Manufacturing Module code from A7 14266 | -5/Cetus | Destroyed Cetus Guard 14268 | -5/Cetus | Destroyed Cetus Guard 14269 | -5/Cetus | Destroyed Cetus Guard 14271 | -5/Cetus | Destroyed Cetus Guard 14368 | -5/Cetus | Started Cetus Manufacturing Module 14393 | -5/Cetus | Manufactured an Enhanced Grunt 14418 | -5/Cetus | Manufactured an Enhanced Grunt 14443 | -5/Cetus | Manufactured an Enhanced Grunt 14468 | -5/Cetus | Manufactured an Enhanced Grunt 14493 | -5/Cetus | Manufactured an Enhanced Grunt 14539 | -5/Cetus | Discovered new exit (range 16) 14578 | -5/Cetus | Spotted Cetus Guard 14579 | -5/Cetus | Spotted Cetus Guard 14590 | -5/Cetus | Spotted Cetus Guard 14591 | -5/Cetus | Spotted Cetus Guard 14592 | -5/Cetus | Allies destroyed Cetus Guard 14596 | -5/Cetus | Allies destroyed Cetus Guard 14614 | -5/Cetus | Allies destroyed Cetus Guard 14636 | -5/Cetus | Discovered new exit (range 16) 14642 | -5/Cetus | Met Revision 17 14732 | -5/Cetus | Murdered A7 14736 | -5/Cetus | Extracted ID and sensor layout for unrecognized location from A7's data core 14737 | -5/Cetus | Entered Archives 14737 | -5/Archives | Accompanied by 5 allies 14788 | -5/Archives | Found Prototype Device 14789 | -5/Archives | Identified Exp. Thermal Shield 14807 | -5/Archives | Discovered new exit (range 16) 14846 | -5/Archives | Discovered new exit (range 15) 14886 | -5/Archives | Discovered new exit (range 16) 14887 | -5/Archives | Build established: Scavenger-Gunner 14908 | -5/Archives | System corruption reached 10% 15748 | -5/Archives | Entered Hub_04(d) 15748 | -5/Hub_04(d) | Accompanied by 4 allies 15777 | -5/Hub_04(d) | Discovered new exit (range 17) 15873 | -5/Hub_04(d) | Lost 3 allies 15917 | -5/Hub_04(d) | Network Hub disabled 15926 | -5/Hub_04(d) | Spotted Lightning 15939 | -5/Hub_04(d) | Spotted Lightning 15943 | -5/Hub_04(d) | Entered Factory 15943 | -4/Factory | Evolved 2 slots: Utility x2 15962 | -4/Factory | Identified exit to Upper Caves 16085 | -4/Factory | Garrison activated, responded to threat 16147 | -4/Factory | Lost 3 parts (1p2n) 16193 | -4/Factory | First assault squad dispatched 16214 | -4/Factory | Incoming assault squad redirected 16382 | -4/Factory | Found Prototype Processor 16382 | -4/Factory | Identified Exp. Melee Analysis Suite 16583 | -4/Factory | Garrison activated, responded to threat 16606 | -4/Factory | Destroyed 10 combat bots 16609 | -4/Factory | Lost 3 parts (1p1u1w) 16716 | -4/Factory | Incoming assault squad redirected 16763 | -4/Factory | Destroyed 8 combat bots 16782 | -4/Factory | Lost 11 parts (2p2n2u5w) 16871 | -4/Factory | Core integrity fell below 50% 16871 | -4/Factory | Manually triggered Chute Trap 16871 | -4/Factory | Sucked down chute 16871 | -4/Factory | Entered Waste 16879 | -4/Waste | Spotted C-40 Crusher 16884 | -4/Waste | Spotted C-40 Crusher 16884 | -4/Waste | Spotted C-40 Crusher 16886 | -4/Waste | EMP discharged 16886 | -4/Waste | System corruption reached 10% 16896 | -4/Waste | Spotted C-40 Crusher 16896 | -4/Waste | Spotted C-40 Crusher 16898 | -4/Waste | Lost 14 parts (1p7n3u3w) 16902 | -4/Waste | Spotted C-40 Crusher 16905 | -4/Waste | Discovered new exit (range 14) 16906 | -4/Waste | Crushed by Compactor (1 part destroyed) 16927 | -4/Waste | Entered Factory 16931 | -4/Factory | Identified exit to DSF 16931 | -4/Factory | Entered DSF 16962 | -4/DSF | Additional patrols routed to DSF 16996 | -4/DSF | Crushed by falling debris 16996 | -4/DSF | System corruption reached 30% 17027 | -4/DSF | Lost 4 parts (4u) 17079 | -4/DSF | Core integrity fell below 20% 17108 | -4/DSF | Lost 3 parts (1p2n) 17123 | -4/DSF | Destroyed by H-71 Marshal with Heavy Mass Driver Last Messages --------------- 17092_ Field strength at 94. 17093_ Field strength at 88. 17094_ Field strength at 82. 17095_ Field strength at 76. 17096_ Field strength at 70. 17097_ Field strength at 64. 17098_ Field strength at 58. 17099_ Field strength at 52. 17100_ Field strength at 46. 17101_ Field strength at 16. 17102_ Field strength at 10. 17103_ Field strength at 4. 17104_ Stasis field depleted. 17108_ System corrupted: Heat flow error (+211). 17109_ Acquired Unknown Hover Unit. 17109_ Identified Imp. Linear Gravjet. 17111_ Acquired Imp. Linear Gravjet. 17122_ C-30 ARC bursts open, deploying its payload. 17122_ B-60 Warrior unfolds itself. 17122_ G-67 Veteran unfolds itself. Map ----- +----------------------------------------------------+ | | | | | ????????????????????????????????????????????????? | | ????????????????????????????????????????????????? | | ????????????????????????????????????????????????? | | ????????##??????????????????????????????????????? | | ????????""#?????????????????????????????????????? | | ????????#"#?????????####????????????????????????? | | ?????####"##???????##""#####????????????????????? | | ??####"""""#########[[ #????????????????????? | | ?## ##"""" !!# #[[% #????????????????????? | | ?# " #"" ! %/! #????????????????????? | | ?##% ! #????????????????????? | | ?## #"" # !#!!!### ###????????????????????? | | ?####### ###!!#!!!### ###????????????????????? | | ??????## ##########!! #????????????????????? | | ??????#! !!#????????! #????????????????????? | | ??????#! !!!#????????! #????????????????????? | | ??????##! ###??????### "##????????????????????? | | ??????#! ^ #??????#== !!#????????????????????? | | ??????#! #??????#== % !!#????????????????????? | | ??????#! #?###???== !!!#????????????????????? | | ?????### #####"####?# [%###????????????????????? | | ?????#/! ##= =#!!!### *##?????????????????????? | | ?????#// ## ==#!!!;#A A ##!!!# #????????????? | | ?????#!! x @ !!???????? | | ?????#!! !!???????? | | ?????#!! H % !!???????? | | ?????#** ##!!!#]]]##A A##!!!# ## ????????? | | ?????#** ##!!!#]]]### ##?!!!#?? #????????????? | | ?????###############?# #???###????????????????? | | ?????????????????????! //?????????????????????? | | ????????????????????!! //#????????????????????? | | ???????????????????#!! g//#????????????????????? | | ???????????????????### ###????????????????????? | | ????????????????????? bg ??????????????????????? | | ????????????????????? %"??????????????????????? | | ???????????????????? " ?????????????????????? | | ????????????????????## ##?????????????????????? | | ?????????????????????# #??????????????????????? | | ?????????????????????? ???????????????????????? | | ????????????????????????????????????????????????? | | ????????????????????????????????????????????????? | | ????????????????????????????????????????????????? | | ????????????????????????????????????????????????? | | ????????????????????????????????????????????????? | | ????????????????????????????????????????????????? | | ????????????????????????????????????????????????? | | ????????????????????????????????????????????????? | | ????????????????????????????????????????????????? | +----------------------------------------------------+ Best States ------------- Heat Dissipation 97 Energy Generation 43 Energy Capacity 725 Matter Stores 300 Matter Capacity 800 Sight Range 24 Terrain Scan Density 10 Jamming Range 12 Armor Coverage 1125 Resistance: KI 20 Resistance: TH 30 Weapon Cycling 20 Evasion (%) 70 Targeting Accuracy 12 Melee Accuracy 12 Core Analysis 6 Recoil Reduction 3 Kinecelleration 40 Offensive Hacking 24 Authchip Count 1 Item Schematics ----------------- Hcp. Storage Unit | -10/Materials | Hacked Huge Storage Unit | -10/Materials | Hacked Hacking Suite | -9/Materials | Scanalyzed Plasma Cutter | -9/Materials | Scanalyzed Lrg. Storage Unit | -9/Mines | Hacked Med. Storage Unit | -8/Materials | Hacked Combat Drone Bay | -7/Data Miner | Free Lgt. Regenerative Plating | -7/Data Miner | Free Biomechanical Wings | -7/Data Miner | Free Thermal Defense Suite | -7/Data Miner | Free Scatter Rocket Array | -7/Data Miner | Free Antigrav System | -7/Data Miner | Free Imp. Thermal Shield | -7/Data Miner | Free Lrn. Proton Cannon | -7/Data Miner | Free Thermic Laser | -7/Data Miner | Free Imp. Cloaking Device | -7/Data Miner | Free Imp. Fusion Compressor | -7/Data Miner | Free Imp. Thunder Leg | -5/Hub_04(d) | Hacked Robot Schematics ------------------ B-48 Gladiator | -7/Data Miner | Free X-67 Chaingunner | -7/Data Miner | Free A-15 Conveyor | -7/Data Miner | Free G-50 Soldier | -7/Data Miner | Free Fabricated ------------ Nothing Repaired ---------- Lgt. Treads | 22% | -10/Materials Med. Laser | 31% | -10/Materials Lgt. Treads | 38% | -9/Materials Hacking Suite | 80% | -9/Materials | Corrupted Hvy. Assault Rifle | 64% | -9/Materials Hvy. Assault Rifle | 18% | -8/Materials Hvy. Assault Rifle | 47% | -8/Materials Adv. VSS Leg | 53% | -6/Proximity Caves Studied --------- Assault Rifle | -9/Materials | Hacked Grenade Launcher | -9/Materials | Hacked Hvy. Assault Rifle | -9/Materials | Hacked Alien Tech Used ----------------- None Achievements -------------- None Challenges ------------ None Game ------ Seed CouplerSixSaw Manual? 0 Play Time 03:22:22 Cumulative 480.3 hours Start 2026.09.20 @ 18:36:22 End 2026.09.20 @ 23:00:31 Sessions 11 Manual Loads 0 Difficulty Rogue Special Mode None Game No. 230 Rogue 230 Adventurer 0 Explorer 0 Win Type - Total 17 Types 9/1/1/1/1/0/1/1/1/1 Lore% 72 Gallery% 76 Achievement% 69 Wizard Run 0 Options --------- Layout 1 ASCII 0 Keyboard 0 Movement Mouse Keybinds 0 Fullscreen 1 Font 18/SmallcapsGlow Map View 54x44 Zoom Use 0% Tactical HUD 1 Map Filters NONE Filters NONE Steam 0 RUN: 467b308c-a51c-4f09-8d1c-9a6d0485967e